SCURSCUM, neutral female scurrid Archeologist .-- .@. --i SCURSCUM the Digger Experience level: 1 Strength: 13 Dexterity: 10 Constitution: 11 Intelligence: 16 Wisdom: 15 Charisma: 10 Health: 0(12) Energy: 2(2) Def: 2 Gold: 0 Moves: 78 Dungeon seed: U_1UyUnhTIQCtCDi Game ID: SCURSCUM_1498607159 Your Inventory: Weapons a - an uncursed +2 bullwhip Armor e - an uncursed +0 leather jacket (being worn) n - an uncursed +0 pair of leather gloves (being worn) Comestibles b - 4 uncursed chestnuts Wands d - an uncursed wand of light (0:13) Tools c - an uncursed pair of lenses f - an uncursed sack g - an uncursed tin opener (alternate weapon; not wielded) h - an uncursed oil lamp (0:1231) Gems q - an uncursed touchstone Spells and supernatural/magical abilities: Name Level Category Fail Memory W - pray for help -- divine ? -- Your skills at the end: Miscellaneous Skills wands [Basic] Weapon Skills whip [Basic] Spellcasting Skills Final Attributes: You were devoutly aligned. You had infravision. You were very stealthy. You were fast. You are dead. Vanquished creatures: a newt Voluntary challenges: You went without food. You did not adorn yourself with jewelry or accessories. You did not cause conflict. You were not invisible. You did not have reflection. You were not displaced. You were an atheist. You never hit with a wielded weapon. You were a pacifist. You did not use tools. You did not use plumbed fixtures. You did not drink any magical draughts. You were illiterate. You never genocided any monsters. You never polymorphed an object. You never changed form. You used no wishes. You never split a pudding. You never wrote Elbereth's name. You never violated your personal moral code. Dungeon overview: The Dungeons of Doom: levels 1 to 28 Level 1 a long staircase Level 2 Level 3 Level 4 Level 5 Level 6 a sink Level 7 Level 8 Level 9 many fountains Level 10 Level 11 Level 12 Level 13 Level 14 Level 15 Level 16 Level 17 Level 18 Level 19 an altar to Camaxtli Level 20 a fountain Level 21 Level 22 many trees Level 23 Level 24 Level 25 Level 26 Level 27 Level 28 <- You were here History has recorded: On T:1 you entered the Dungeons of Doom to retrieve the Amulet of Yendor! On T:25 you reached level 2 of The Dungeons of Doom. On T:27 you reached level 3 of The Dungeons of Doom. On T:29 you reached level 4 of The Dungeons of Doom. On T:31 you reached level 5 of The Dungeons of Doom. On T:33 you reached level 6 of The Dungeons of Doom. On T:34 you reached level 7 of The Dungeons of Doom. On T:37 you reached level 8 of The Dungeons of Doom. On T:38 you reached level 9 of The Dungeons of Doom. On T:42 you reached level 11 of The Dungeons of Doom. On T:44 you reached level 12 of The Dungeons of Doom. On T:46 you reached level 13 of The Dungeons of Doom. On T:48 you reached level 14 of The Dungeons of Doom. On T:50 you reached level 15 of The Dungeons of Doom. On T:52 you reached level 16 of The Dungeons of Doom. On T:54 you reached level 17 of The Dungeons of Doom. On T:56 you reached level 18 of The Dungeons of Doom. On T:56 you entered the Rogue tribute level. On T:58 you reached level 19 of The Dungeons of Doom. On T:60 you reached level 20 of The Dungeons of Doom. On T:62 you reached level 21 of The Dungeons of Doom. On T:64 you reached level 22 of The Dungeons of Doom. On T:66 you reached level 23 of The Dungeons of Doom. On T:68 you reached level 24 of The Dungeons of Doom. On T:71 you reached level 25 of The Dungeons of Doom. On T:73 you reached level 26 of The Dungeons of Doom. On T:75 you reached level 27 of The Dungeons of Doom. On T:77 you reached The Castle. Score breakdown: Gold: 0 ( 0 points) Experience: 1 level ( 0 points) Exploration: 28 levels ( 810 points) Discoveries: 0 items ( 0 points) Variety of kills: 1 monster ( 50 points) Major goal: (nothing yet) ( 0 points) Survival: died (score multiplied by 3) Total score: 2580 Latest messages: You dig a hole through the floor. You fall through... You start digging downward. You continue digging downward. You dig a pit in the floor. You continue digging downward. You dig a hole through the floor. You fall through... You start digging downward. You continue digging downward. You dig a pit in the floor. You continue digging downward. You dig a hole through the floor. You fall through... The tengu pecks! You start digging downward. You continue digging downward. You dig a pit in the floor. The tengu pecks! You die... The sack is empty. The sack is empty. Final status: Goodbye SCURSCUM the Archeologist, killed by a tengu... You died in The Dungeons of Doom on dungeon level 28 with 2580 points, and 0 pieces of gold, after 78 moves. You were level 1 with a maximum of 12 hit points when you died.